[ PARTIDA AOE2 · #495725894 ]
UnrankedBritanos vs Cumans
Equipo del jugador · VICT
Equipo rival · DERR
[ ANÁLISIS DE REPETICIÓN · EXTRAÍDO DE LA PARTIDA GRABADA ]
Feudal
9:18
Castillos
20:03
Imperial
—
| APM promedio | 69.6 |
| APM pico | 114 |
| eAPM promedio | 36.4 |
| Aldeanos / militares | 130 / 50 |
Foco
⚔️ 55.8% · 🌾 44.2%
Archer ×24 · Spearman ×13 · Knight ×6 · Militia ×4 · Monk ×3
Feudal
8:35
Castillos
28:07
Imperial
—
| APM promedio | 72.5 |
| APM pico | 110 |
| eAPM promedio | 35.6 |
| Aldeanos / militares | 80 / 61 |
Foco
⚔️ 56.4% · 🌾 43.6%
Scout Cavalry ×36 · Skirmisher ×14 · Knight ×6 · Steppe Lancer ×4 · Spearman ×1
Mapa de la partida
Recursos iniciales + cada clic de construcción. Líneas = muros · curvas = relieve. ◆ oro · ⬟ piedra · ● bayas · ✦ reliquia · ◌ hueco del cierre
Tu base· Abierta — flanco sin cerrar
Base de Dennis哥· Abierta — flanco sin cerrar
Terreno inicial suavizado · ◌ = hueco del cierre detectado · pasá el cursor para detalles
Inputs por minuto
— CNZS_Daniel - - Dennis哥
Build order — CNZS_Daniel
Primeras 150 de 298 acciones detectadas
| 0:01 | Encolar | Villager (Male) |
| 0:01 | Encolar | Villager (Male) |
| 0:02 | Construir | House |
| 0:02 | Construir | House |
| 0:04 | Encolar | Villager (Male) |
| 0:04 | Encolar | Villager (Male) |
| 1:18 | Encolar | Villager (Male) |
| 1:30 | Construir | Lumber Camp |
| 1:42 | Encolar | Villager (Male) |
| 2:04 | Encolar | Villager (Male) |
| 2:22 | Encolar | Villager (Male) |
| 3:00 | Encolar | Villager (Male) |
| 3:06 | Encolar | Villager (Male) |
| 3:46 | Construir | House |
| 3:56 | Encolar | Villager (Male) |
| 3:56 | Encolar | Villager (Male) |
| 3:56 | Encolar | Villager (Male) |
| 4:22 | Construir | Barracks |
| 4:38 | Encolar | Villager (Male) |
| 4:53 | Construir | House |
| 5:06 | Encolar | Villager (Male) |
| 5:15 | Encolar | Villager (Male) |
| 5:16 | Encolar | Militia |
| 5:16 | Encolar | Militia |
| 5:25 | Encolar | Villager (Male) |
| 5:25 | Encolar | Villager (Male) |
| 5:31 | Encolar | Villager (Male) |
| 5:52 | Encolar | Villager (Male) |
| 5:52 | Encolar | Villager (Male) |
| 6:14 | Construir | Mill |
| 6:34 | Investigar | Loom |
| 7:08 | Investigar | Feudal Age |
| 7:08 | Investigar | Feudal Age |
| 7:32 | Construir | House |
| 7:43 | Construir | Mining Camp |
| 8:22 | Encolar | Villager (Male) |
| 8:30 | Encolar | Militia |
| 8:34 | Encolar | Militia |
| 8:42 | Construir | Palisade Wall |
| 9:07 | Construir | Palisade Wall |
| 9:18 | Edad | Edad Feudal |
| 9:24 | Investigar | Man-at-Arms (upgrade) |
| 9:24 | Investigar | Man-at-Arms (upgrade) |
| 9:40 | Encolar | Villager (Male) |
| 9:43 | Construir | Archery Range |
| 10:17 | Encolar | Villager (Male) |
| 10:18 | Encolar | Villager (Male) |
| 10:34 | Construir | House |
| 10:36 | Encolar | Villager (Male) |
| 10:36 | Encolar | Villager (Male) |
| 10:42 | Encolar | Archer |
| 10:42 | Encolar | Archer |
| 10:48 | Construir | Blacksmith |
| 11:03 | Encolar | Villager (Male) |
| 11:04 | Encolar | Villager (Male) |
| 11:05 | Construir | Farm |
| 11:11 | Construir | Farm |
| 11:16 | Investigar | Double-Bit Axe |
| 11:16 | Investigar | Double-Bit Axe |
| 11:18 | Encolar | Villager (Male) |
| 11:18 | Encolar | Villager (Male) |
| 11:23 | Encolar | Archer |
| 11:23 | Encolar | Archer |
| 11:50 | Construir | House |
| 11:55 | Encolar | Villager (Male) |
| 11:56 | Encolar | Archer |
| 11:58 | Encolar | Villager (Male) |
| 11:59 | Encolar | Villager (Male) |
| 11:59 | Encolar | Villager (Male) |
| 12:00 | Construir | Farm |
| 12:12 | Construir | House |
| 12:35 | Investigar | Fletching |
| 12:35 | Investigar | Fletching |
| 12:38 | Construir | Farm |
| 12:40 | Construir | Farm |
| 12:48 | Encolar | Villager (Male) |
| 12:48 | Encolar | Villager (Male) |
| 13:11 | Encolar | Archer |
| 13:11 | Encolar | Villager (Male) |
| 13:25 | Encolar | Villager (Male) |
| 13:25 | Encolar | Villager (Male) |
| 13:25 | Encolar | Villager (Male) |
| 13:28 | Construir | Farm |
| 13:44 | Encolar | Archer |
| 13:44 | Encolar | Villager (Male) |
| 13:52 | Encolar | Villager (Male) |
| 13:53 | Encolar | Villager (Male) |
| 13:54 | Construir | Farm |
| 14:05 | Encolar | Archer |
| 14:08 | Encolar | Villager (Male) |
| 14:08 | Encolar | Villager (Male) |
| 14:09 | Construir | Farm |
| 14:12 | Construir | Farm |
| 14:30 | Encolar | Villager (Male) |
| 14:32 | Encolar | Villager (Male) |
| 14:32 | Encolar | Villager (Male) |
| 14:34 | Construir | Farm |
| 14:36 | Construir | Farm |
| 14:48 | Encolar | Villager (Male) |
| 14:49 | Encolar | Archer |
| 14:55 | Encolar | Villager (Male) |
| 14:55 | Encolar | Villager (Male) |
| 15:14 | Encolar | Villager (Male) |
| 15:14 | Encolar | Villager (Male) |
| 15:22 | Encolar | Archer |
| 15:23 | Encolar | Villager (Male) |
| 15:23 | Encolar | Villager (Male) |
| 15:28 | Construir | House |
| 15:31 | Construir | House |
| 15:36 | Construir | Farm |
| 15:49 | Encolar | Villager (Male) |
| 15:49 | Encolar | Villager (Male) |
| 15:49 | Encolar | Villager (Male) |
| 16:03 | Construir | Palisade Wall |
| 16:36 | Construir | Farm |
| 16:38 | Construir | Farm |
| 16:53 | Encolar | Archer |
| 16:56 | Construir | Palisade Wall |
| 16:59 | Construir | Farm |
| 17:02 | Construir | Farm |
| 17:23 | Investigar | Castle Age |
| 17:23 | Investigar | Castle Age |
| 17:24 | Encolar | Archer |
| 17:31 | Construir | Lumber Camp |
| 17:43 | Construir | Palisade Wall |
| 17:50 | Investigar | Horse Collar |
| 17:50 | Investigar | Horse Collar |
| 19:27 | Construir | Lumber Camp |
| 19:29 | Encolar | Villager (Male) |
| 19:47 | Encolar | Villager (Male) |
| 19:51 | Investigar | Gold Mining |
| 20:03 | Edad | Edad de los Castillos |
| 20:05 | Construir | Town Center |
| 20:09 | Construir | Town Center |
| 20:10 | Encolar | Villager (Male) |
| 20:15 | Construir | Monastery |
| 20:15 | Encolar | Villager (Male) |
| 20:20 | Encolar | Archer |
| 20:26 | Encolar | Villager (Male) |
| 20:28 | Encolar | Villager (Male) |
| 20:33 | Investigar | Bow Saw |
| 20:33 | Investigar | Bow Saw |
| 20:47 | Encolar | Villager (Male) |
| 20:48 | Encolar | Archer |
| 21:00 | Construir | Farm |
| 21:01 | Encolar | Villager (Male) |
| 21:02 | Encolar | Monk |
| 21:02 | Encolar | Monk |
| 21:09 | Construir | House |
| 21:18 | Encolar | Villager (Male) |
Build order — Dennis哥
Primeras 150 de 238 acciones detectadas
| 0:01 | Encolar | Villager (Male) ×4 |
| 0:02 | Construir | House |
| 0:03 | Construir | House |
| 1:24 | Encolar | Villager (Male) |
| 1:24 | Encolar | Villager (Male) |
| 1:59 | Encolar | Villager (Male) |
| 1:59 | Encolar | Villager (Male) |
| 1:59 | Encolar | Villager (Male) |
| 2:21 | Construir | Lumber Camp |
| 2:43 | Encolar | Villager (Male) |
| 2:44 | Encolar | Villager (Male) |
| 3:31 | Encolar | Villager (Male) |
| 4:00 | Construir | House |
| 4:02 | Construir | House |
| 4:10 | Encolar | Villager (Male) |
| 4:41 | Encolar | Villager (Male) |
| 5:00 | Encolar | Villager (Male) |
| 5:29 | Construir | Mill |
| 5:35 | Encolar | Villager (Male) |
| 5:43 | Investigar | Loom |
| 6:21 | Investigar | Feudal Age |
| 6:21 | Investigar | Feudal Age |
| 7:19 | Encolar | Villager (Male) |
| 7:23 | Construir | House |
| 7:28 | Construir | Palisade Wall |
| 7:28 | Construir | Palisade Wall |
| 8:35 | Edad | Edad Feudal |
| 8:36 | Construir | Town Center |
| 8:44 | Encolar | Villager (Male) |
| 8:44 | Encolar | Villager (Male) |
| 9:01 | Construir | Palisade Wall |
| 9:01 | Construir | Palisade Wall |
| 9:37 | Encolar | Villager (Male) |
| 9:39 | Investigar | Double-Bit Axe |
| 9:39 | Investigar | Double-Bit Axe |
| 9:57 | Encolar | Villager (Male) |
| 10:18 | Encolar | Villager (Male) |
| 10:37 | Construir | Barracks |
| 10:40 | Encolar | Villager (Male) |
| 10:57 | Encolar | Villager (Male) |
| 11:06 | Encolar | Villager (Male) |
| 11:19 | Encolar | Villager (Male) |
| 11:32 | Construir | Farm |
| 11:34 | Construir | Farm |
| 11:37 | Construir | Archery Range |
| 11:42 | Construir | Palisade Wall |
| 11:43 | Construir | Palisade Wall |
| 11:45 | Construir | Palisade Wall |
| 11:47 | Encolar | Villager (Male) |
| 11:56 | Construir | Archery Range |
| 12:05 | Encolar | Villager (Male) |
| 12:05 | Encolar | Villager (Male) |
| 12:08 | Encolar | Villager (Male) |
| 12:31 | Encolar | Skirmisher |
| 12:37 | Encolar | Villager (Male) |
| 12:39 | Construir | Farm |
| 12:40 | Construir | Farm |
| 13:01 | Encolar | Villager (Male) |
| 13:03 | Construir | House |
| 13:12 | Encolar | Skirmisher |
| 13:13 | Encolar | Villager (Male) |
| 13:17 | Construir | Farm |
| 13:31 | Encolar | Skirmisher |
| 13:50 | Encolar | Skirmisher |
| 13:50 | Encolar | Skirmisher |
| 13:52 | Encolar | Villager (Male) ×2 |
| 14:05 | Construir | Farm |
| 14:10 | Encolar | Villager (Male) |
| 14:15 | Encolar | Villager (Male) |
| 14:26 | Encolar | Villager (Male) |
| 14:30 | Construir | Farm |
| 14:46 | Encolar | Villager (Male) |
| 14:50 | Encolar | Villager (Male) |
| 15:00 | Construir | Stable |
| 15:06 | Encolar | Villager (Male) |
| 15:16 | Encolar | Skirmisher |
| 15:19 | Construir | House |
| 15:22 | Construir | House |
| 15:23 | Construir | House |
| 15:28 | Encolar | Villager (Male) |
| 15:31 | Construir | House |
| 15:32 | Construir | House |
| 15:33 | Construir | House |
| 15:43 | Encolar | Villager (Male) |
| 15:50 | Construir | Farm |
| 15:59 | Encolar | Villager (Male) |
| 16:05 | Encolar | Skirmisher |
| 16:11 | Encolar | Villager (Male) |
| 16:18 | Encolar | Villager (Male) |
| 16:20 | Construir | Farm |
| 16:21 | Construir | Farm |
| 16:43 | Investigar | Horse Collar |
| 16:43 | Investigar | Horse Collar |
| 16:46 | Encolar | Villager (Male) |
| 17:01 | Construir | Outpost |
| 17:02 | Construir | Outpost |
| 17:04 | Construir | Stable |
| 17:07 | Construir | Farm |
| 17:10 | Encolar | Villager (Male) |
| 17:18 | Construir | Farm |
| 17:21 | Encolar | Villager (Male) ×2 |
| 17:29 | Construir | Farm |
| 17:36 | Investigar | Town Watch |
| 17:40 | Encolar | Villager (Male) |
| 17:48 | Construir | Farm |
| 17:51 | Encolar | Villager (Male) |
| 17:54 | Construir | Mining Camp |
| 18:00 | Construir | Outpost |
| 18:01 | Encolar | Scout Cavalry |
| 18:02 | Encolar | Scout Cavalry |
| 18:09 | Encolar | Skirmisher |
| 18:10 | Encolar | Skirmisher |
| 18:15 | Encolar | Skirmisher |
| 18:19 | Encolar | Villager (Male) |
| 18:29 | Encolar | Villager (Male) |
| 18:44 | Encolar | Skirmisher |
| 18:45 | Encolar | Skirmisher |
| 18:47 | Encolar | Villager (Male) |
| 18:53 | Encolar | Villager (Male) |
| 19:02 | Encolar | Skirmisher |
| 19:02 | Encolar | Skirmisher |
| 19:08 | Encolar | Villager (Male) |
| 19:16 | Construir | Outpost |
| 19:17 | Encolar | Villager (Male) |
| 19:20 | Construir | Farm |
| 19:28 | Encolar | Villager (Male) |
| 19:38 | Construir | Farm |
| 19:50 | Construir | Outpost |
| 19:53 | Encolar | Scout Cavalry |
| 19:54 | Encolar | Scout Cavalry |
| 19:56 | Encolar | Villager (Male) |
| 20:04 | Construir | House |
| 20:12 | Construir | Blacksmith |
| 20:16 | Encolar | Villager (Male) |
| 20:24 | Encolar | Villager (Male) |
| 20:24 | Encolar | Scout Cavalry |
| 20:24 | Encolar | Scout Cavalry |
| 20:25 | Encolar | Scout Cavalry |
| 20:31 | Construir | Watch Tower |
| 20:36 | Construir | Outpost |
| 20:37 | Construir | Outpost |
| 20:44 | Encolar | Villager (Male) |
| 20:46 | Construir | Farm |
| 20:56 | Construir | Farm |
| 20:57 | Encolar | Villager (Male) |
| 21:12 | Construir | Farm |
| 21:13 | Construir | Farm |
| 21:17 | Investigar | Bloodlines |
| 21:17 | Encolar | Scout Cavalry |
| 21:19 | Encolar | Villager (Male) |
Cronología de la partida
| 4:22 | CNZS_Daniel · first_building Barracks |
| 7:28 | Dennis哥 · wall_segment Palisade Wall x1 |
| 7:28 | Dennis哥 · wall_segment Palisade Wall x1 |
| 8:35 | Dennis哥 · age_up feudal |
| 8:42 | CNZS_Daniel · wall_segment Palisade Wall x5 |
| 9:01 | Dennis哥 · wall_segment Palisade Wall x1 |
| 9:01 | Dennis哥 · wall_segment Palisade Wall x1 |
| 9:07 | CNZS_Daniel · wall_segment Palisade Wall x1 |
| 9:18 | CNZS_Daniel · age_up feudal |
| 9:43 | CNZS_Daniel · first_building Archery Range |
| 10:37 | Dennis哥 · first_building Barracks |
| 11:37 | Dennis哥 · first_building Archery Range |
| 11:42 | Dennis哥 · wall_segment Palisade Wall x1 |
| 11:43 | Dennis哥 · wall_segment Palisade Wall x1 |
| 11:45 | Dennis哥 · wall_segment Palisade Wall x1 |
| 15:00 | Dennis哥 · first_building Stable |
| 16:03 | CNZS_Daniel · wall_segment Palisade Wall x5 |
| 16:56 | CNZS_Daniel · wall_segment Palisade Wall x2 |
| 17:43 | CNZS_Daniel · wall_segment Palisade Wall x7 |
| 20:03 | CNZS_Daniel · age_up castle |
| 20:15 | CNZS_Daniel · first_building Monastery |
| 23:52 | CNZS_Daniel · first_building Stable |
| 25:06 | CNZS_Daniel · wall_segment Palisade Wall x5 |
| 25:16 | Dennis哥 · first_market_sell 500 stone |
| 25:17 | Dennis哥 · first_market_buy 100 food |
| 26:46 | CNZS_Daniel · wall_segment Palisade Wall x1 |
| 26:47 | CNZS_Daniel · wall_segment Palisade Wall x1 |
| 26:49 | CNZS_Daniel · wall_segment Palisade Wall x1 |
| 28:04 | CNZS_Daniel · wall_segment Palisade Wall x4 |
| 28:07 | Dennis哥 · age_up castle |
| 28:14 | Dennis哥 · first_building Castle |
| 28:19 | CNZS_Daniel · first_building Castle |
| 29:00 | Dennis哥 · resign |
[ ANÁLISIS IA · 1 CRÉDITO ]
¿Qué pasó realmente en esta partida?
Wolo.gg analiza cada decisión: build order, eco, micro, errores típicos por bracket. Análisis personalizado por WhatsApp o Discord en 30 segundos.
Guía civ
Britanos
Perfil
Jugador #265517